AoeStats
← Manu

Arabia

511358583Analyzed
3v3 RM · 1mo ago on Oct 4, 2026· 58m 30s· 6 players
Game mode
Random Map
Map size
Normal (6 player)
Population
200
Speed
Normal
Resources
Standard
Victory
Conquest
Starting age
Dark Age
Ending age
Imperial Age
RankedLock teamsTeams togetherTeam positionsShared explorationLock speedFull tech treeHidden civsTurbo modeCheats
Victory
Defeat
🇹🇼 Khmer · Taiwan
1075
+15
🇩🇪 Ethiopians · Germany
1030
+16
🇳🇴 Teutons · Norway
998
+18
vs
🇦🇹 Muisca · Austria
1079
-18
🇩🇪 Huns · Germany
1048
-17
🇩🇪 Mongols · Germany
994
-14
stk1908
8:08 Loom
10:26 Feudal Age
11:35 Double-Bit Axe
14:59 Loom
18:06 Fletching
18:17 Scale Mail Armor
23:43 Castle Age
24:32 Bodkin Arrow
24:38 Padded Archer Armor
24:54 Bow Saw
25:05 Thumb Ring
24:21 Crossbowman
25:52 Elite Skirmisher
26:51 Leather Archer Armor
26:47 Forging
29:00 Squires
33:33 Horse Collar
36:13 Chain Mail Armor
46:22 Imperial Age
44:28 Wheelbarrow
47:59 Ballistics
53:07 Hand Cart
54:35 Chemistry
54:39 Heavy Plow
55:45 Two-Man Saw
57:00 Arbalester
Solo
8:43 Feudal Age
7:18 Loom
9:24 Double-Bit Axe
11:25 Wheelbarrow
10:56 Horse Collar
15:12 Gold Mining
20:58 Castle Age
19:35 Scale Mail Armor
19:36 Stone Mining
20:23 Forging
21:57 Bow Saw
21:19 Pikeman
23:57 Squires
23:42 Gambesons
29:51 Stone Shaft Mining
30:42 Chain Mail Armor
32:22 Arson
35:45 Hand Cart
36:04 Heavy Plow
36:13 Elite Skirmisher
38:56 Padded Archer Armor
41:56 Iron Casting
50:45 Imperial Age
48:53 Leather Archer Armor
48:28 Fletching
50:10 Ironclad
51:48 Conscription
51:58 Town Watch
52:30 Halberdier
57:39 Crop Rotation
BangBangBang
6:37 Loom
9:21 Feudal Age
10:16 Double-Bit Axe
11:04 Horse Collar
19:14 Castle Age
18:19 Bloodlines
18:16 Gold Mining
23:52 Bow Saw
25:04 Wheelbarrow
24:36 Heavy Plow
26:23 Scale Barding Armor
26:29 Forging
27:46 Husbandry
27:33 Pikeman
30:49 Stone Mining
33:50 Imperial Age
32:47 Iron Casting
32:33 Chain Barding Armor
33:17 Gold Shaft Mining
33:17 Stone Shaft Mining
33:44 Fletching
34:07 Arson
37:14 Conscription
37:01 Bodkin Arrow
37:07 Scale Mail Armor
36:39 Light Cavalry
39:43 Double Crossbow
39:05 Halberdier
40:54 Blast Furnace
41:03 Plate Barding Armor
40:38 Siege Engineers
41:59 Crop Rotation
43:07 Devotion
44:14 Hussar
45:56 Bracer
45:56 Padded Archer Armor
46:11 Chain Mail Armor
47:52 Chain Mail Armor
47:52 Leather Archer Armor
52:43 Capped Ram
55:23 Siege Ram
56:09 Caravan
56:39 Coinage
57:01 Stone Shaft Mining
57:13 Ring Archer Armor
56:43 Elite Ballista Elephant
59:15 Banking
#Patte
2:55 Loom
9:38 Feudal Age
10:23 Double-Bit Axe
18:12 Wheelbarrow
18:27 Town Watch
21:20 Castle Age
20:00 Fletching
20:11 Padded Archer Armor
20:54 Bloodlines
24:56 Bodkin Arrow
25:26 Bow Saw
25:59 Gold Mining
27:20 Leather Archer Armor
31:11 Stone Mining
32:13 Husbandry
34:26 Ballistics
38:51 Imperial Age
37:24 Thumb Ring
39:01 Horse Collar
40:20 Conscription
40:14 Bracer
41:16 Chemistry
42:06 Two-Man Saw
46:05 Parthian Tactics
46:15 Hand Cart
51:43 Elite Skirmisher
55:08 Heavy Cavalry Archer
55:22 Elite Tarkan
CeBe
12:07 Feudal Age
16:24 Castle Age
18:28 Bloodlines
19:04 Forging
19:01 Scale Barding Armor
27:28 Iron Casting
29:04 Horse Collar
29:23 Double-Bit Axe
41:54 Chain Barding Armor
44:46 Light Cavalry
59:47 Imperial Age
57:17 Gold Mining
59:25 Wheelbarrow
Manu
4:28 Loom
11:16 Feudal Age
16:02 Castle Age
14:41 Double-Bit Axe
16:50 Horse Collar
17:10 Fletching
21:19 Bow Saw
22:49 Wheelbarrow
22:27 Gold Mining
25:23 Pikeman
30:01 Forging
33:19 Town Watch
34:13 Iron Casting
34:18 Hand Cart
39:12 Imperial Age
37:20 Fervor
37:32 Sanctity
37:37 Scale Mail Armor
37:44 Squires
40:17 Block Printing
40:49 Theocracy
42:02 Redemption
42:19 Chain Mail Armor
45:58 Two-Man Saw
47:48 Plate Mail Armor
47:35 Heavy Plow
49:25 Crop Rotation
48:47 Stone Mining
Connection lost

Rejoining the realm…

Still unreachable

The connection could not be restored.

Session expired

The server has moved on; the page needs a fresh start.